 Dungeon Crawl Stone Soup version 0.29.0-4-gdea44cf6ec (webtiles) character file.

Game seed: 7778663783403515791

101 qw the Chopper (level 4, -1/26 HPs)
             Began as a Tengu Warper on Aug 28, 2022.
             Constricted to death by an orc wizard (4 damage)
             ... on level 2 of the Dungeon.
             The game lasted 00:00:12 (1493 turns).

qw the Chopper (Tengu Warper)                       Turns: 1493, Time: 00:00:12

Health: -1/26      AC: 10    Str: 19    XL:     4   Next: 75%
Magic:  8/8        EV:  3    Int: 14    God:
Gold:   63         SH:  0    Dex: 13    Spells: 7/7 levels left

rFire   . . .      SeeInvis .   Y - +0 hand axe
rCold   . . .      Faith    .   (no shield)
rNeg    . . .      Spirit   .   g - +0 plate armour
rPois   .          Reflect  .   (helmet restricted)
rElec   .          Harm     .   (no cloak)
rCorr   .          Rampage  .   (no gloves)
Will    .....                   (boots unavailable)
Stlth   ..........              (no amulet)
HPRegen 0.08/turn               k - +6 ring of strength
MPRegen 0.11/turn               (no ring)

@: grasped by roots, constricted
A: beak, talons 3
a: no special abilities


You were on level 2 of the Dungeon.
You visited 1 branch of the dungeon, and saw 2 of its levels.

You collected 63 gold pieces.


Innate Abilities, Weirdness & Mutations

You have a beak for a mouth.
You have claws for feet.


   Skills:
 - Level 2.0 Fighting
 + Level 5.0 Axes
 - Level 1.0 Throwing
 - Level 2.0 Armour
 - Level 2.1 Dodging
 - Level 2.0 Spellcasting
 - Level 2.4 Translocations


You had 7 spell levels left.
You didn't know any spells.
Your spell library contained the following spells:

 Spells                   Type           Power      Damage    Failure   Level
 Blink                    Tloc           16%        N/A       99%         2
 Gell's Gravitas          Tloc           8%         N/A       100%        3
 Lesser Beckoning         Tloc           8%         N/A       100%        3
 Teleport Other           Tloc           8%         N/A       100%        3
 Manifold Assault         Tloc           8%         N/A       100%        5

Inventory:

Hand Weapons
 n - a +1 spectral club
 Y - a +0 hand axe (weapon)
Armour
 g - a +0 plate armour (worn)
 h - a +1 pair of gloves
Jewellery
 f - a ring of fire
 k - a +6 ring of strength (left hand)
Scrolls
 c - a scroll of enchant weapon {unknown}
Potions
 b - a potion of heal wounds {unknown}
 d - a potion of attraction {unknown}
 i - a potion of berserk rage {unknown}
 j - a potion of curing {unknown}
 l - a potion of invisibility {unknown}
 m - a potion of ambrosia {unknown}
 o - 2 potions of lignification {unknown}

Dungeon Overview and Level Annotations

Branches:
Dungeon (2/15)

Altars:

Shops:
D:1 :


Message History

You are constricted.
The goblin hits you but does no damage.
The grasping roots release their grip on you.
You closely miss the goblin. Your kick misses the goblin.
Your peck misses the goblin. You miss something.
The goblin shoots a sling bullet.
The sling bullet barely misses you. Something hits you.
The goblin barely misses you.
1488 ||| READING scroll of teleportation.
As you read the scroll of teleportation, it crumbles to dust.
You feel strangely unstable.
The goblin no longer looks unusually strong.
The goblin shoots a sling bullet.
The sling bullet hits you. The orc closely misses you.
Something hits you but does no damage.
The orc priest looks encouraged for a moment.
The orc hits you but does no damage. The goblin barely misses you.
You barely miss the orc. Your kick misses the orc.
You hit something but do no damage. You closely miss the orc.
You hit the goblin but do no damage.
The goblin shoots a sling bullet.
The sling bullet barely misses you. The orc barely misses you.
Something hits you but does no damage. The goblin barely misses you.
You hit the orc.
The orc is severely wounded.
You hit the goblin. You barely miss something. You hit the orc.
The goblin no longer looks unusually strong.
The goblin hits you but does no damage. The orc hits you with a +0 short sword.
Something hits you but does no damage. The orc hits you but does no damage.
You hit the orc.
You kill the orc!
You barely miss the orc priest. You hit the goblin.
You kill the goblin!
You closely miss something. You hit the orc.
Your surroundings seem slightly different.
Your Armour skill increases to level 2!
The goblin shoots a sling bullet.
The sling bullet barely misses you.
The orc priest hits you but does no damage.
You hear a zap.
The roots erupt in riotous growth!
The grasping roots grab you!
The orc priest is unaffected.
You are constricted.
You die...

.....#.## #.#........
.....#..## #.#........
.....#...## #.#........
.....#.#..## #.#........
.....#.##..########'#).......
######.###.#.......g)).......
#.# #.'.....:..)).##### #.#
###.....o.)...#### ..#
#....@.o.......# ##
#.....(........#
#..............#
#..............#
####'###..##...#
#...##..+...# ###....##...#
####.##...# #.##...#


You could see an orc priest, an orc and a goblin.

Vanquished Creatures
  Jessica (D:2)
  Robin (D:2)
  A dart slug (D:1)
  2 orcs (D:2)
  3 ball pythons
  4 bats
  3 endoplasms
  3 giant cockroaches
  15 goblins
  2 hobgoblins (D:1)
  5 kobolds
  4 quokkas
  3 frilled lizards (D:1)
  3 rats
50 creatures vanquished.

Vanquished Creatures (others)
  2 plants (D:1)
2 creatures vanquished.

Grand Total: 52 creatures vanquished

Notes
Turn   | Place    | Note
-------+----------+-------------------------------------------
     0 | D:1      | qw the Tengu Warper began the quest for the Orb.
     0 | D:1      | Reached XP level 1. HP: 12/12 MP: 4/4
     0 | D:1      | 0 ||| qw: Version: 0.1-a-89-g26bdef1
     0 | D:1      | 0 ||| qw: Game counter: 816
     0 | D:1      | 0 ||| qw: Always use a shield: true
     0 | D:1      | 0 ||| qw: God list: Okawaru
     0 | D:1      | 0 ||| qw: Allow faded altars: false
     0 | D:1      | 0 ||| qw: Do Orc after D:15 true
     0 | D:1      | 0 ||| qw: Do second Lair branch before Depths: true
     0 | D:1      | 0 ||| qw: Lair rune preference: random
     0 | D:1      | 0 ||| qw: Plans: Normal
     0 | D:1      | 0 ||| PLANNING D:1-11
    54 | D:1      | Reached XP level 2. HP: 17/17 MP: 6/6
    59 | D:1      | Reached skill level 3 in Axes
    65 | D:1      | 65 ||| Stepping ~*~*~tactically~*~*~ (stealth).
   325 | D:1      | Found Gadank's Book Shoppe.
   528 | D:1      | Reached XP level 3. HP: 16/21 MP: 7/7
   717 | D:1      | Found a faded altar of an unknown god.
   765 | D:1      | 765 ||| UPGRADING to +0 ring mail.
   775 | D:1      | 775 ||| DROPPING +0 leather armour.
   776 | D:1      | 776 ||| UPGRADING to +0 plate armour.
   786 | D:1      | 786 ||| DROPPING +0 ring mail.
   787 | D:1      | 787 ||| UPGRADING to +6 ring of strength.
   788 | D:1      | 788 ||| READING scroll labelled HOACUIH HYMA.
   789 | D:1      | 789 ||| READING scroll labelled ANWUFEUSMA.
   790 | D:1      | 790 ||| READING scroll labelled OPHYABLITZ.
   794 | D:1      | 794 ||| DROPPING scroll of blinking.
   831 | D:2      | 831 ||| Stepping ~*~*~tactically~*~*~ (stealth).
   832 | D:2      | 832 ||| FLEEEEING.
   833 | D:2      | 833 ||| FLEEEEING.
   834 | D:2      | 834 ||| FLEEEEING.
   849 | D:2      | Reached skill level 4 in Axes
   982 | D:2      | 982 ||| Stepping ~*~*~tactically~*~*~ (stealth).
   985 | D:2      | 985 ||| Stepping ~*~*~tactically~*~*~ (stealth).
  1276 | D:2      | Noticed Jessica
  1283 | D:2      | Killed Jessica
  1284 | D:2      | Reached XP level 4. HP: 19/26 MP: 8/8
  1370 | D:2      | 1370 ||| DROPPING +0 club.
  1460 | D:2      | 1460 ||| Stepping ~*~*~tactically~*~*~ (stealth).
  1462 | D:2      | 1462 ||| Stepping ~*~*~tactically~*~*~ (stealth).
  1463 | D:2      | Noticed Robin
  1464 | D:2      | 1464 ||| Stepping ~*~*~tactically~*~*~ (hiding).
  1479 | D:2      | Reached skill level 5 in Axes
  1481 | D:2      | Killed Robin
  1487 | D:2      | HP: 4/26 [something (4)]
  1488 | D:2      | 1488 ||| READING scroll of teleportation.
  1493 | D:2      | Constricted to death by an orc wizard

Levels and vault maps discovered:
D:1:      ebering_hopf_link, layout_basic, shapermc_ecumenical_altar_notcrosses,
          serial_shops, nicolae_shop_advertising_works
          [nicolae_subvault_shop_adworks], serial_bayou_pond_a,
          minmay_hedge_maze
D:2:      layout_basic, uniq_jessica, uniq_robin

Skill      XL: |  1  2  3  4 |
---------------+-------------+-----
Axes           | 3 4 5 |  5.0
Armour         | 2 |  2.0
Fighting       | |  2.0
Throwing       | |  1.0
Dodging        | |  2.1
Spellcasting   | |  2.0
Translocations | |  2.4

Action                   |  1- 3 |  4- 6 || total
-------------------------+-------+-------++-------
Melee: Hand axe          |    69 |    23 ||    92
       Kick              |    15 |     1 ||    16
       Peck              |     6 |     2 ||     8
Throw: Boomerang         |     7 |       ||     7
  Use: Scroll            |     3 |     1 ||     4
Armor: Leather armour    |    12 |       ||    12
       Plate armour      |    21 |    27 ||    48
Dodge: Dodged            |    24 |    16 ||    40

Table legend:
 A = Non-vault XP
 B = Vault XP
 C = Vault XP percentage of total XP
 D = Non-vault monster count
 E = Vault monster count
 F = Vault count percentage of total count
                 A         B        C        D         E       F
            +---------+---------+-------+---------+---------+-------
      Total |      73 |      72 |  49.7 |      38 |      12 |  24.0
            +---------+---------+-------+---------+---------+-------
        D:1 |      42 |       0 |   0.0 |      23 |       0 |   0.0
        D:2 |      31 |      72 |  69.9 |      15 |      12 |  44.4
            +---------+---------+-------+---------+---------+-------
